 Dungeon Sprint DCSS version 0.23.2-1-ga50397a6bc (webtiles) character file.

Game seed: 2018319928140348132

450 Kobolds4U the Unseen (level 6, -8/30 HPs)
             Began as a Spriggan Assassin on May 24, 2019.
             Was an Initiate of Okawaru.
             Mangled by a centaur warrior (14 damage)
             ... in the Dungeon (Sprint I: "Red Sonja") on May 28, 2019.
             The game lasted 00:03:03 (350 turns).

Kobolds4U the Unseen (Spriggan Assassin)             Turns: 350, Time: 00:03:03

Health: -8/30      AC:  3    Str:  7    XL:     6   Next: 74%
Magic:  7/7        EV: 28    Int: 12    God:    Okawaru [......]
Gold:   62         SH:  0    Dex: 20    Spells: 5/5 levels left

rFire    . . .     SeeInvis +   a - +2 dagger
rCold    . . .     Gourm    .   (shield restricted)
rNeg     . . .     Faith    .   c - +0 robe
rPois    .         Spirit   .   (helmet restricted)
rElec    .         Reflect  .   d - +0 cloak
rCorr    .         Harm     .   (gloves unavailable)
MR       +....     NoTele   +   (boots unavailable)
Stlth    +++++++...             (no amulet)
HPRegen  0.10/turn              (no ring)
MPRegen  0.10/turn              (no ring)

@: very slightly contaminated, hasted, very quick
A: very small, unfitting armour, see invisible, herbivore, speed 3, slow
metabolism 2
a: Renounce Religion


You were in the Dungeon.
You worshipped Okawaru.
Okawaru was noncommittal.
You were not hungry.

You visited 1 branch You collected 302 gold pieces.
You spent 240 gold pieces at shops.

Inventory:

Hand Weapons
 a - a +2 dagger (weapon)
 b - a +0 blowgun
Missiles
 e - 8 poisoned needles
 h - a curare-tipped needle
Armour
 c - a +0 robe (worn)
 d - a +0 cloak (worn)
Wands
 n - a wand of random effects (5)
Potions
 f - 2 potions of degeneration {unknown}
 i - a potion of heal wounds
 k - 2 potions of magic
 l - a potion of berserk rage
Miscellaneous
 o - a sack of spiders
Comestibles
 g - 2 rations


   Skills:
 + Level 1.5 Fighting
 - Level 2.1 Short Blades
 - Level 2.0 Throwing
 + Level 10.9 Dodging
 * Level 18.2 Stealth


You had 5 spell levels left.
You didn't know any spells.
Your spell library was empty.

Dungeon Overview and Level Annotations

Branches:
Dungeon (1/1)

Altars:
Cheibriados
Dithmenos
Elyvilon
Fedhas
Gozag
Hepliaklqana
Kikubaaqudgha
Nemelex Xobeh
Okawaru
Qazlal
Ru
Sif Muna
Trog
Uskayaw
Vehumet
Wu Jian
Yredelemnul
Zin
The Shining One

Shops:
D }


Innate Abilities, Weirdness & Mutations

You are very small and have problems with some larger weapons.
You are too small for most types of armour.
You have supernaturally acute eyesight. (SInv)
You are a herbivore.
You cover ground extremely quickly.
You need to consume almost no food.


Message History

The centaur warrior moves out of view. x2
Found 2 viscous coppery potions and 23 bolts.
There is an open door here.
Blink to where?
Press: ? - help, Dir - move target cursor You are very lightly contaminated with residual magic.
As you read the scroll of blinking, it crumbles to dust.
The centaur warrior shouts! x2
The centaur warrior hits you!
Ouch! That really hurt!
The centaur warrior completely misses you.
You aren't carrying any scrolls.
Quiver which item? (- for none, * to show all) (? for menu, Esc to quit)
Okay, then.
You feel yourself speed up. The centaur warrior hits you.
* * * LOW HITPOINT WARNING * * *
The centaur warrior closely misses you. The centaur warrior hits you.
* * * LOW HITPOINT WARNING * * *
The centaur warrior hits you!
You die...

#############
#.['..#..'..#
'..#..'..#..+
#####'#####'# ####
####..#...#)####§§#
#__####..##§#§§§§c#
#_____##'#§.§§§§@§+
#_.∩..†'..._#§§§§c#
#_..__##_.#§##+####
#_____###+#.#
####### ###


You could see 2 centaur warriors.

Vanquished Creatures
  Sigmund (D)
  A yak (D)
  An ogre (D)
  A jelly (D)
  Ijyb (D)
5 creatures vanquished.

Notes
Turn   | Place    | Note
-------+----------+-------------------------------------------
     0 | D        | Kobolds4U the Spriggan Assassin began the quest for the
                  | Orb.
     0 | D        | Reached XP level 1. HP: 10/10 MP: 2/2
     1 | D        | Noticed Ijyb
     4 | D        | Killed Ijyb
     4 | D        | Reached skill level 10 in Stealth
     4 | D        | Reached XP level 2. HP: 14/14 MP: 3/3
     7 | D        | Noticed an ogre
    26 | D        | Killed an ogre
    26 | D        | Reached skill level 5 in Dodging
    26 | D        | Reached skill level 13 in Stealth
    26 | D        | Reached XP level 3. HP: 18/18 MP: 4/4
    26 | D        | Reached XP level 4. HP: 22/22 MP: 5/5
    45 | D        | Noticed Sigmund
    78 | D        | Killed Sigmund
    78 | D        | Reached skill level 16 in Stealth
    78 | D        | Reached XP level 5. HP: 4/25 MP: 6/6
   291 | D        | Found an ornate altar of the Wu Jian Council.
   291 | D        | Found a deep blue altar of Sif Muna.
   293 | D        | Found a radiant altar of Vehumet.
   297 | D        | Reached XP level 6. HP: 30/30 MP: 7/7
   326 | D        | Found Jabbups's Gadget Emporium.
   326 | D        | Found an ancient bone altar of Kikubaaqudgha.
   326 | D        | Found a hazy altar of Hepliaklqana.
   326 | D        | Found a stormy altar of Qazlal.
   326 | D        | Found a hide-covered altar of Uskayaw.
   326 | D        | Found a blossoming altar of Fedhas.
   326 | D        | Found a bloodstained altar of Trog.
   326 | D        | Found an iron altar of Okawaru.
   326 | D        | Found a basalt altar of Yredelemnul.
   326 | D        | Found a glowing golden altar of the Shining One.
   326 | D        | Found a snail-covered altar of Cheibriados.
   326 | D        | Found a sacrificial altar of Ru.
   326 | D        | Found a glowing silver altar of Zin.
   326 | D        | Found a shadowy altar of Dithmenos.
   326 | D        | Found a white marble altar of Elyvilon.
   326 | D        | Noticed a yak
   327 | D        | Found an opulent altar of Gozag.
   328 | D        | Killed a yak
   328 | D        | Reached skill level 10 in Dodging
   328 | D        | Reached skill level 18 in Stealth
   329 | D        | Found a sparkling altar of Nemelex Xobeh.
   333 | D        | Bought a sack of spiders for 240 gold pieces
   334 | D        | Became a worshipper of Warmaster Okawaru
   346 | D        | Noticed a centaur warrior
   346 | D        | Noticed a centaur warrior
   350 | D        | Mangled by a centaur warrior

Skill      XL: |  1  2  3  4  5  6 |
---------------+-------------------+-----
Stealth        | 10 13 16 18 | 18.2
Dodging        | 5 9 10 | 10.9
Fighting       | |  1.5
Short Blades   | |  2.1
Throwing       | |  2.0

Action                   |  1- 3 |  4- 6 || total
-------------------------+-------+-------++-------
Melee: Dagger            |     6 |     8 ||    14
 Fire: Blowgun           |     3 |     6 ||     9
  Use: Potion            |       |     2 ||     2
       Scroll            |       |     1 ||     1
 Stab: Sleeping          |     1 |     2 ||     3
Dodge: Dodged            |     4 |     4 ||     8
